Map: Ulrena

Players

Patrik - Winner!

  • Race: Zerg Zerg
  • League: Silver

Gød

  • Race: Terran Terran

VOD

Have the link to the VOD?

Description

I don't know how I lost that game :(

Time

  • Played on: Nov. 19, 2015, 6:06 a.m.
  • Length: 15:25
Show
View Real Time Build Order
Export as new Build Order

Patrik Zerg - Winner!

Build Orders: Hatch First 

Get SALT Encoding   

  12  0:05  Drone  
  13  0:12  Overlord  
  13  0:17  Drone  
  14  0:31  Drone x2  
  16  0:40  Drone  
  17  0:56  Hatchery, Drone  
  17  1:10  Spawning Pool  
  16  1:13  Drone  
  16  1:16  Extractor  
  16  1:23  Drone x2  
  18  1:31  Drone  
  19  1:52  Drone  
  20  2:03  Queen  
  22  2:10  Zergling x6  
  25  2:17  Roach Warren  
  24  2:28  Metabolic Boost  
  24  2:38  Baneling Nest  
  24  2:40  Queen  
  27  2:51  Drone x3  
  27  2:52  Extractor  
  27  2:56  Overlord x2  
  27  2:59  Drone  
  27  3:14  Spine Crawler  
  27  3:17  Spine Crawler  
  25  3:24  Roach  
  25  3:25  Roach x2  
  25  3:43  Zergling x6  
  28  3:57  Queen  
  31  4:24  Roach x4  
  31  4:25  Roach x2  
  39  4:51  Zergling x8  
  43  4:57  Lair  
  43  5:07  Overlord  
  43  5:08  Overlord  
  43  5:34  Overlord  
  43  5:35  Drone x5  
  45  5:36  Drone x2  
  50  5:44  Roach  
  52  5:55  Glial Reconstitution  
  52  6:01  Roach x2  
  56  6:42  Drone  
  56  6:43  Drone x6  
  63  6:51  Queen  
  63  6:53  Overlord  
  63  6:54  Overlord  
  65  7:06  Evolution Chamber  
  64  7:09  Evolution Chamber  
  63  7:31  Hydralisk Den  
  63  7:35  Zerg Missile Weapons Level 1  
  63  7:36  Zerg Ground Armor Level 1  
  62  7:49  Drone x5  
  62  7:50  Drone x6  
  73  7:54  Hatchery  
  72  8:09  Extractor  
  72  8:11  Extractor  
  70  8:16  Overseer  
  70  8:25  Drone x4  
  74  8:53  Muscular Augments  
  74  9:07  Infestation Pit  
  73  9:16  Drone  
  74  9:17  Drone x3  
  74  9:18  Drone x3  
  74  9:19  Overlord x3  
  74  9:20  Overlord x2  
  80  9:31  Drone x4  
  81  9:32  Drone x6  
  81  9:37  Drone  
  81  9:38  Drone x5  
  95  9:45  Zerg Ground Armor Level 2, Zerg Missile Weapons Level 2  
  96  9:50  Extractor  
  95  10:02  Extractor  
  94  10:16  Hydralisk  
  94  10:17  Hydralisk x10  
  116  10:52  Hydralisk  
  116  10:53  Hydralisk x6  
  123  11:17  Hydralisk  
  123  11:18  Hydralisk x3  
  90  11:19  Hydralisk x7  
  83  12:11  Hive  
  83  12:39  Queen  
  85  12:52  Hydralisk x5  
  85  12:53  Hydralisk x11  
  85  12:56  Hatchery  
  105  13:03  Hydralisk x11  
  97  13:40  Zergling x2  
  98  13:42  Overlord x5  
  98  13:55  Overlord x2  
  97  14:24  Zergling x14  
  97  14:25  Zergling x8  
  78  14:48  Zergling x12  
  71  15:00  Zergling x6  
Show
View Real Time Build Order
Export as new Build Order

Gød Terran 

Build Orders:  

Get SALT Encoding   

  12  0:03  SCV  
  13  0:15  SCV  
  14  0:21  Supply Depot  
  14  0:28  SCV  
  15  0:43  SCV  
  15  0:45  Barracks  
  16  0:55  SCV  
  17  1:05  Barracks  
  17  1:07  SCV  
  18  1:19  SCV  
  18  1:23  Barracks  
  19  1:31  SCV  
  20  1:35  Marine  
  21  1:58  Orbital Command  
  21  1:59  Marine x2  
  23  2:04  Supply Depot  
  23  2:11  Barracks  
  23  2:12  Barracks  
  23  2:26  Marine  
  23  2:28  Supply Depot  
  24  2:31  Marine x2  
  26  2:41  Barracks  
  26  2:43  Marine  
  27  2:49  Marine  
  28  2:52  Marine  
  29  3:03  Supply Depot  
  29  3:04  Marine x3  
  32  3:12  Marine x2  
  34  3:21  Marine x2  
  34  3:22  Marine  
  36  3:35  Marine x3  
  36  3:39  Marine  
  36  3:40  Marine x2  
  42  3:41  Supply Depot  
  41  3:54  Marine x3  
  36  3:57  SCV, Marine  
  36  3:58  Marine x2  
  36  4:01  Supply Depot  
  34  4:12  Marine x2  
  35  4:17  Marine x4  
  39  4:27  Refinery  
  39  4:28  Refinery  
  39  4:29  Marine x2  
  41  4:35  Marine  
  32  4:46  Marine  
  32  4:47  Marine  
  32  4:50  SCV  
  36  4:59  Command Center  
  35  5:02  SCV  
  35  5:04  Marine  
  36  5:28  Barracks Tech Lab, Factory  
  36  5:34  Barracks Tech Lab  
  34  6:07  Bunker  
  34  6:11  Marine x2  
  35  6:12  Marine  
  37  6:21  Bunker  
  37  6:23  SCV  
  38  6:29  Marine x2  
  38  6:32  Starport  
  40  6:34  Marine x2  
  40  6:35  SCV  
  40  6:36  Stimpack  
  43  6:46  Engineering Bay  
  43  6:48  SCV x2  
  43  6:51  Marine  
  46  6:54  Siege Tank  
  46  7:00  SCV x2  
  51  7:05  Refinery  
  51  7:07  Refinery, Marine  
  52  7:08  Marine  
  52  7:12  SCV x2  
  52  7:13  Starport Reactor  
  55  7:17  Marine  
  56  7:24  Terran Infantry Weapons Level 1, SCV  
  56  7:25  SCV  
  58  7:36  Armory  
  58  7:37  SCV  
  59  7:38  Siege Tank  
  62  7:58  Orbital Command  
  62  7:59  SCV  
  62  8:02  Marine x2  
  62  8:03  Marine  
  66  8:10  Siege Tank  
  66  8:12  SCV  
  70  8:22  Marine x4  
  74  8:28  Terran Vehicle And Ship Armor Level 1  
  74  8:42  Siege Tank  
  74  8:44  Command Center, SCV  
  78  9:02  Supply Depot  
  78  9:06  Liberator x2  
  78  9:13  Supply Depot  
  78  9:15  Missile Turret  
  78  9:16  Supply Depot  
  78  9:24  SCV x2  
  86  9:35  Siege Tank  
  86  9:36  SCV  
  86  9:38  Supply Depot, Terran Infantry Weapons Level 2  
  90  9:46  SCV  
  90  9:48  SCV  
  90  9:50  Liberator  
  92  9:59  Refinery  
  92  10:00  Refinery  
  92  10:03  Marine  
  93  10:07  Siege Tank  
  99  10:26  Supply Depot  
  99  10:39  Marine x4  
  103  10:49  Missile Turret  
  80  11:21  Marine x3  
  80  11:22  Siege Tank, Marauder  
  80  11:24  Medivac x2  
  81  11:39  Marine  
  76  11:40  Marine x2  
  76  11:43  Marauder  
  61  11:54  Terran Infantry Armor Level 1, Siege Tank, Medivac  
  61  11:57  Marine x3  
  61  12:01  Medivac  
  69  12:04  Marauder  
  69  12:06  Orbital Command  
  71  12:14  Marine  
  71  12:15  Marine x2  
  72  12:20  Barracks Reactor  
  74  12:24  Medivac  
  74  12:25  Marine  
  74  12:26  Siege Tank  
  80  12:31  Medivac  
  80  12:32  Marine  
  80  12:33  Engineering Bay, Marine x2  
  85  12:43  Marauder  
  87  12:54  Medivac  
  87  12:58  Marine x3  
  86  13:05  Marauder  
  85  13:15  Marine  
  83  13:26  Marauder  
  69  13:31  Marine x2  
  69  13:33  Marine  
  57  13:43  Thor  
  57  13:46  Medivac x2  
  57  13:48  Marauder  
  61  13:49  Marine x2  
  61  13:53  Marine  
  56  14:07  Marine x2  
  56  14:09  Marauder  
  53  14:11  Marine  
  53  14:16  Medivac  
  49  14:25  Marine  
  49  14:30  Marauder  
  30  14:49  Marine x3  
  30  14:52  Marauder  
Tags
 
League
Silver
Matchup
TvZ
Add a new tag
Caveats
  • Supply blocks, unpowered buildings, or Contaminate may cause inaccurate times.
  • Supply counts are checked every 10 seconds.